Map: Ulrena

Players

Miltreta

  • Race: Terran Terran
  • League: Bronze

yuriprym - Winner!

  • Race: Protoss Protoss
  • League: Bronze

VOD

Have the link to the VOD?

Description

Time

  • Played on: March 15, 2016, 9:45 a.m.
  • Length: 21:49
Show
View Real Time Build Order
Export as new Build Order

Miltreta Terran 

Build Orders: Reaper Expand 

Get SALT Encoding   

  12  0:00  SCV  
  14  0:14  SCV  
  14  0:20  Supply Depot  
  14  0:27  SCV  
  15  0:30  Refinery  
  15  0:44  Barracks  
  15  0:51  Supply Depot  
  15  1:05  SCV  
  17  1:40  SCV  
  16  2:05  Factory  
  16  2:10  SCV  
  16  2:11  Refinery  
  17  2:16  Command Center  
  17  2:24  Reaper  
  18  2:30  SCV  
  20  2:49  Orbital Command  
  20  2:50  Widow Mine  
  22  3:05  Barracks Tech Lab  
  21  3:14  SCV  
  21  3:38  Bunker  
  21  3:45  Engineering Bay  
  21  3:46  Hellion  
  23  4:03  Marauder  
  23  4:08  Hellion  
  27  4:29  Widow Mine  
  29  4:36  Marauder  
  31  4:44  Missile Turret  
  31  4:49  Starport  
  31  4:55  Barracks  
  31  4:57  Widow Mine  
  31  4:58  Barracks  
  33  5:17  Marauder  
  35  5:24  Terran Infantry Weapons Level 1  
  35  5:36  Factory Tech Lab  
  35  5:42  Supply Depot  
  35  5:52  Bunker  
  33  6:14  Siege Tank  
  33  6:18  Barracks Reactor  
  36  6:19  Barracks Reactor  
  32  6:45  Marauder  
  34  6:59  Siege Tank  
  37  7:04  Orbital Command  
  37  7:12  Supply Depot  
  37  7:20  Marine x2  
  39  7:31  Siege Tank  
  42  8:03  Siege Tank, Medivac  
  42  8:05  Marine x3  
  48  8:06  Marine  
  49  8:35  Siege Tank  
  52  8:46  Starport Reactor  
  52  11:14  Siege Tank  
  53  11:22  Marine x2  
  53  11:23  Marine x2  
  54  11:28  Supply Depot  
  54  11:42  Marine, SCV  
  54  11:46  Siege Tank  
  53  11:57  Marine x4  
  53  12:00  Marine  
  57  12:15  Marine  
  58  12:22  Orbital Command  
  58  12:45  Barracks  
  58  12:47  Barracks, Medivac  
  58  12:48  Medivac  
  62  12:53  Armory  
  62  12:54  Terran Infantry Armor Level 1  
  62  12:59  Marine x4  
  62  13:00  Marine  
  62  13:02  Siege Tank  
  70  13:29  Refinery  
  70  13:30  Refinery  
  70  14:01  Missile Turret  
  70  14:02  Missile Turret  
  70  14:09  Missile Turret  
  70  14:14  Missile Turret  
  70  14:36  Missile Turret  
  41  14:53  Marine  
  41  14:54  Marine  
  41  14:55  Marine x2  
  33  15:02  Barracks Reactor  
  33  15:03  Barracks Reactor  
  21  15:44  Marine x2  
  21  15:45  Marine  
  21  15:46  Marine  
  20  15:54  Barracks  
  20  15:58  Barracks  
  20  16:05  Marine x4  
  20  16:06  Barracks  
  20  16:23  Marine x4  
  16  16:55  Barracks Tech Lab, Barracks Reactor  
  16  16:57  Barracks Reactor  
  16  17:05  Marine  
  16  17:06  Marine x2  
  16  17:07  Marine  
  20  17:13  SCV  
  21  17:25  Stimpack  
  21  17:27  Marine x3  
  21  17:28  Marine  
  25  17:32  Marine x2  
  27  17:40  Supply Depot  
  27  17:45  Supply Depot  
  27  17:48  Supply Depot  
  27  17:52  Supply Depot  
  27  18:06  Marine x4  
  27  18:09  Marine x5  
  36  18:24  Supply Depot  
  27  18:43  Marine x3  
  27  18:44  Marine x6  
  24  19:05  Command Center  
  24  19:08  Marine x6  
  24  19:09  Marine x2  
  28  19:28  Marine x3  
  31  19:42  Combat Shields  
  31  19:48  Marine  
  31  19:49  Marine  
  31  19:51  Marine  
  34  19:53  Marine  
  34  19:54  Marine  
  34  19:59  Marine  
  36  20:01  Marine  
  38  20:15  Marine  
  38  20:16  Marine x3  
  23  20:49  Marine x2  
  12  20:50  Marine x4  
  12  20:51  Marine  
  12  20:53  Marine  
  15  21:12  Marine  
  15  21:13  Marine x3  
Show
View Real Time Build Order
Export as new Build Order

yuriprym Protoss - Winner!

Build Orders:  

Get SALT Encoding   

  12  0:03  Probe (Chrono Boost)  
  13  0:13  Probe (Chrono Boost)  
  14  0:21  Pylon  
  15  0:28  Probe (Chrono Boost)  
  15  0:42  Gateway  
  16  0:43  Probe (Chrono Boost)  
  16  0:53  Probe (Chrono Boost)  
  16  0:55  Assimilator  
  17  1:04  Probe (Chrono Boost)  
  18  1:33  Zealot  
  20  1:41  Gateway  
  20  1:43  Gateway  
  20  1:50  Cybernetics Core  
  20  2:11  Nexus  
  20  2:13  Pylon  
  20  2:19  Probe (Chrono Boost)  
  21  2:27  Warp Gate  
  21  2:29  Probe (Chrono Boost)  
  22  2:34  Adept  
  24  2:40  Probe (Chrono Boost)  
  24  2:41  Assimilator  
  25  2:50  Probe (Chrono Boost)  
  26  2:55  Adept  
  28  3:00  Stalker  
  30  3:11  Pylon  
  28  3:44  Gateway  
  28  3:46  Gateway  
  28  3:48  Gateway  
  28  3:51  Forge  
  28  3:54  Probe (Chrono Boost)  
  29  4:05  Probe (Chrono Boost)  
  29  4:09  Pylon  
  30  4:15  Probe (Chrono Boost)  
  29  4:32  Photon Cannon  
  29  4:39  Photon Cannon  
  29  4:43  Photon Cannon  
  29  4:46  Photon Cannon  
  29  4:59  Probe (Chrono Boost)  
  30  5:08  Robotics Facility  
  30  5:09  Probe (Chrono Boost)  
  31  5:16  Sentry x2  
  31  5:19  Stalker  
  31  5:20  Probe (Chrono Boost)  
  38  5:30  Probe (Chrono Boost)  
  39  5:40  Photon Cannon  
  39  5:41  Probe x2 (Chrono Boost)  
  41  5:45  Stalker  
  41  5:46  Stalker  
  45  5:52  Probe (Chrono Boost)  
  36  6:08  Stalker  
  36  6:09  Zealot  
  36  6:10  Zealot x2  
  36  6:11  Zealot  
  42  6:12  Zealot  
  38  6:38  Stalker  
  38  6:39  Stalker  
  36  6:41  Zealot  
  36  6:42  Zealot x2  
  36  6:43  Zealot  
  44  6:50  Probe (Chrono Boost)  
  44  6:52  Assimilator  
  45  7:01  Probe (Chrono Boost)  
  38  7:11  Probe (Chrono Boost)  
  38  7:13  Stalker  
  38  7:15  Zealot x2  
  39  7:16  Zealot x2  
  39  7:17  Zealot  
  47  7:29  Immortal  
  51  7:30  Probe (Chrono Boost)  
  52  7:41  Probe (Chrono Boost)  
  53  7:52  Probe (Chrono Boost)  
  54  8:00  Nexus  
  54  8:05  Pylon  
  42  8:14  Stalker  
  42  8:15  Stalker x2  
  42  8:17  Zealot  
  42  8:18  Zealot x2  
  42  8:51  Probe (Chrono Boost)  
  43  8:57  Stalker  
  43  8:58  Stalker x2  
  43  9:00  Zealot x2  
  43  9:02  Probe (Chrono Boost)  
  54  9:06  Observer  
  55  9:12  Probe (Chrono Boost)  
  56  9:22  Assimilator  
  56  9:31  Stalker x2  
  58  9:34  Zealot  
  62  9:39  Stalker  
  62  9:40  Stalker  
  66  9:48  Pylon  
  66  9:57  Gateway  
  66  10:02  Gateway  
  66  10:03  Pylon  
  67  10:07  Probe (Chrono Boost)  
  67  10:11  Stalker  
  67  10:12  Stalker x2  
  67  10:13  Stalker x2  
  77  10:17  Probe (Chrono Boost)  
  68  10:32  Probe (Chrono Boost)  
  68  10:35  Stalker  
  71  10:36  Stalker x2  
  71  10:37  Stalker x2  
  80  10:42  Probe (Chrono Boost)  
  70  10:58  Stalker  
  70  11:00  Zealot x3  
  74  11:21  Zealot x2  
  74  11:22  Zealot  
  74  11:23  Stalker  
  78  11:26  Probe (Chrono Boost)  
  78  11:31  Pylon  
  79  11:37  Probe (Chrono Boost)  
  79  11:38  Stargate  
  80  11:45  Stargate  
  80  11:47  Probe (Chrono Boost)  
  77  11:56  Stalker  
  77  11:57  Zealot x2  
  77  11:58  Zealot  
  77  11:59  Zealot  
  73  12:10  Stalker  
  73  12:11  Stalker  
  73  12:12  Zealot x2  
  81  12:16  Immortal  
  81  12:22  Pylon  
  85  12:26  Assimilator  
  85  12:45  Void Ray x2  
  93  12:53  Pylon  
  93  13:03  Pylon  
  93  13:08  Pylon  
  93  13:19  Pylon  
  93  13:22  Pylon  
  93  13:31  Pylon  
  93  13:35  Immortal  
  93  13:38  Void Ray  
  93  13:39  Void Ray  
  105  13:59  Stalker x2  
  105  14:00  Stalker  
  105  14:01  Stalker x2  
  115  14:20  Immortal  
  119  14:27  Stalker x2  
  119  14:28  Stalker  
  66  15:54  Void Ray  
  66  15:55  Void Ray  
  74  15:59  Stalker  
  74  16:00  Stalker x2  
  74  16:01  Stalker x2  
  80  16:17  Immortal  
  84  16:28  Gateway  
  84  16:32  Stargate  
  76  17:26  Observer  
  77  17:32  Void Ray  
  77  17:33  Void Ray  
  77  17:34  Void Ray  
  83  18:33  Stalker  
  85  18:34  Stalker x2  
  85  18:35  Stalker x2  
  85  18:36  Stalker  
  73  18:53  Immortal  
  71  19:04  Zealot  
  71  19:05  Zealot  
  71  19:06  Zealot  
  71  19:07  Stalker x3  
  81  19:15  Nexus  
  81  19:27  Stalker x2  
  81  19:28  Zealot  
  87  19:31  Stalker  
  87  19:32  Stalker  
  87  19:33  Zealot  
  93  19:46  Nexus  
  93  19:51  Void Ray  
  93  19:52  Void Ray x2  
  105  20:04  Fleet Beacon  
  105  20:20  Stalker  
  105  20:21  Stalker  
  109  20:22  Stalker  
  109  20:23  Assimilator, Stalker x2  
  109  20:24  Stalker  
  93  21:05  Stalker x3  
  93  21:06  Stalker x2  
  93  21:07  Stalker  
Tags
 
Add a new tag
Caveats
  • Supply blocks, unpowered buildings, or Contaminate may cause inaccurate times.
  • Supply counts are checked every 10 seconds.